 Dungeon Crawl Stone Soup version 0.27-a0-1302-g7736ffe575 (webtiles) character file.

Game seed: 4138637949010661429

112 Masnef the Stinger (level 4, -1/33 HPs)
             Began as a Demigod Venom Mage on June 18, 2021.
             Slain by an orc (9 damage)
             ... on level 3 of the Dungeon.
             The game lasted 00:04:22 (2705 turns).

Masnef the Stinger (Demigod Venom Mage)             Turns: 2705, Time: 00:04:22

Health: -1/33      AC:  4    Str:  9    XL:     4   Next: 38%
Magic:  0/10       EV: 12    Int: 21    God:
Gold:   149        SH:  0    Dex: 14    Spells: 4/7 levels left

rFire    . . .     SeeInvis .   b - +0 dagger
rCold    . . .     Faith    .   (no shield)
rNeg     . . .     Spirit   +   a - +0 robe
rPois    .         Reflect  .   (no helmet)
rElec    .         Harm     .   k - +1 cloak
rCorr    .         Rampage  .   (no gloves)
Will     .....                  (no boots)
Stlth    ++........             f - amulet of guardian spirit
HPRegen  0.11/turn              (no ring)
MPRegen  0.12/turn              (no ring)

@: no status effects
A: high mp 1, forlorn
a: no special abilities


You were on level 3 of the Dungeon.
You visited 1 branch of the dungeon, and saw 3 of its levels.

You collected 149 gold pieces.

Inventory:

Hand Weapons
 b - a +0 dagger (weapon)
Missiles
 d - 36 poisoned darts
Armour
 a - a +0 robe (worn)
 k - a +1 cloak (worn)
Jewellery
 f - an amulet of guardian spirit (around neck)
Wands
 l - a wand of iceblast (6)
Scrolls
 i - 3 scrolls of identify {unknown}
 j - a scroll of magic mapping {unknown}
 m - a scroll of acquirement {unknown}
Potions
 c - 2 potions of ambrosia {unknown}
 e - a potion of attraction {unknown}
 g - a potion of degeneration {unknown}
 h - a potion of brilliance {unknown}


   Skills:
 + Level 0.1 Fighting
 * Level 0.9 Short Blades
 + Level 2.0 Dodging
 - Level 1.7 Stealth
 + Level 2.3 Spellcasting
 - Level 0.8 Transmutations
 * Level 4.3 Poison Magic


You had 4 spell levels left.
You knew the following spells:

 Your Spells              Type           Power      Damage    Failure   Level
a - Sting                 Tmut/Pois      52%        1d5       4%          1
b - Poisonous Vapours     Pois/Air       22%        N/A       9%          2

Your spell library contained the following spells:

 Spells                   Type           Power      Damage    Failure   Level
 Corona                   Hex            2%         N/A       14%         1
 Ensorcelled Hibernation  Hex/Ice        4%         N/A       22%         2
 Ignite Poison            Fire/Tmut/Pois 9%         N/A       22%         3
 Mephitic Cloud           Conj/Pois/Air  8%         N/A       24%         3
 Olgreb's Toxic Radiance  Pois           20%        N/A       24%         4
 Confusing Touch          Hex            2%         N/A       41%         3
 Dazzling Flash           Conj/Hex       4%         N/A       41%         3
 Tukima's Dance           Hex            2%         N/A       41%         3


Dungeon Overview and Level Annotations

Branches:
Dungeon (3/15)


Innate Abilities, Weirdness & Mutations

Your attributes grow dramatically as you level up.
You have an increased reservoir of magic. (+10% MP)
You shall have no god before yourself.


Message History

The orc hits you with a +0 short sword.
The sting hits the orc.
The orc is poisoned.
The orc is lightly wounded.
The orc barely misses you.
You are too depleted to draw on your mana recklessly!
You are too depleted to draw on your mana recklessly!
Unknown command.
You hit the orc but do no damage.
The orc is lightly wounded.
The orc closely misses you.
You completely miss the orc.
The orc is lightly wounded.
You hit the orc.
The orc is severely wounded.
The orc hits you with a +0 short sword. The orc hits you with a +0 flail!
You are too injured to fight recklessly!
You are too injured to fight recklessly!
You barely miss the orc.
The orc is severely wounded.
The orc hits you but does no damage. The orc closely misses you.
You hit the orc but do no damage.
The orc is almost dead.
The orc hits you but does no damage. The orc barely misses you.
You completely miss the orc.
The orc is almost dead.
The orc hits you but does no damage. The orc hits you with a +0 flail.
* * * LOW HITPOINT WARNING * * *
Unknown command.
You hit the orc.
You kill the orc!
The orc closely misses you.
You hit the orc but do no damage. The orc barely misses you.
You are too injured to fight recklessly!
Casting: Sting (safe; 4% risk of failure)
Confirm with . or Enter, or press ? or * to list all spells.
Aiming: Sting (safe; 4% risk of failure)
Press: ? - help, Shift-Dir - straight line, f - orc
Aim: an orc, wielding a +0 flail and wearing a +0 scale mail (75% to hit)
The sting misses the orc.
The orc hits you with a +0 flail!
You die...

##...#.#
(...#.###
...#...#
..#...# #.#.[.#
#..... .
#.##.#.###....
#...<)@)......
#..#รท..o......
#......##.....
##.#..... ....
#.#...... ... #
##....#....
#..... . .
#..####


You could see an orc.

Vanquished Creatures
  Jessica (D:3)
  2 adders
  3 worms (D:2)
  A dart slug (D:2)
  3 orcs
  3 ball pythons
  4 endoplasms
  2 giant cockroaches (D:1)
  7 goblins
  6 hobgoblins
  5 jackals (D:1)
  4 kobolds
  4 bats
  3 rats
48 creatures vanquished.

Notes
Turn   | Place    | Note
-------+----------+-------------------------------------------
     0 | D:1      | Masnef the Demigod Venom Mage began the quest for the Orb.
     0 | D:1      | Reached XP level 1. HP: 14/14 MP: 5/5
   240 | D:1      | Reached skill level 3 in Poison Magic
   685 | D:1      | Reached XP level 2. HP: 13/20 MP: 1/7
  1574 | D:2      | Reached XP level 3. HP: 19/26 MP: 0/8
  1977 | D:2      | Learned a level 2 spell: Poisonous Vapours
  2463 | D:3      | Noticed Jessica
  2644 | D:2      | Reached skill level 4 in Poison Magic
  2644 | D:2      | Reached XP level 4. HP: 30/33 MP: 5/10
  2691 | D:3      | Killed Jessica
  2705 | D:3      | Slain by an orc

Illustrated notes

Levels and vault maps discovered:
D:1:      dpeg_arrival_simpleton_b, layout_loops_cross, minivault_19,
          minmay_ruptured
D:2:      layout_rooms, ebering_ecumenical_altar_petrified
D:3:      layout_basic, grunt_temple_overflow_order_and_chaos_1, uniq_grinder,
          uniq_jessica

Skill      XL: |  1  2  3 |
---------------+----------+-----
Poison Magic   | 3 4 |  4.3
Dodging        | 2 |  2.0
Spellcasting   | 2 |  2.3
Fighting       | |  0.1
Short Blades   | |  0.9
Stealth        | |  1.7
Transmutations | |  0.8

Action                   |  1- 3 |  4- 6 || total
-------------------------+-------+-------++-------
Melee: Unarmed           |    13 |       ||    13
       Dagger            |    45 |     8 ||    53
 Cast: Sting             |    82 |    10 ||    92
 Stab: Sleeping          |     1 |       ||     1
Armor: Robe              |    20 |     4 ||    24
Dodge: Dodged            |    58 |     9 ||    67

Table legend: (Time is in decaauts)
 A = Elapsed time spent in this place.
 B = Non-inter-level travel time spent in this place.
 C = Inter-level travel time spent in this place.
 D = Time resting spent in this place.
 E = Time spent auto-exploring this place.
 F = Levels seen in this place.
 G = Mean time per level.
                   A        B        C        D        E       F      G
               +--------+--------+--------+--------+--------+-----+--------+
         Total |   2709 |   2674 |     35 |    181 |   2176 |   3 |  903.0 |
       Dungeon |   2709 |   2674 |     35 |    181 |   2176 |   3 |  903.0 |
               +--------+--------+--------+--------+--------+-----+--------+

Top non-repeatable levels by time:
     D:1: 1566 daAuts
     D:2: 1102 daAuts
     D:3: 40 daAuts
